 Dungeon Crawl Stone Soup version 0.27.1-33-g824d729ab1 (webtiles) character file.

Game seed: 4778014380158981023

54 pkoi the Insei (level 3, 0/31 HPs)
             Began as a Draconian Monk on Dec 6, 2021.
             Slain by a kobold brigand (5 damage)
             ... in a sewer.
             The game lasted 00:01:53 (2453 turns).

pkoi the Insei (Draconian Monk)                     Turns: 2453, Time: 00:01:54

Health: 0/31       AC:  5    Str: 13    XL:     3   Next: 66%
Magic:  3/3        EV: 12    Int: 11    God:
Gold:   92         SH:  0    Dex: 13    Spells: 2/2 levels left

rFire    . . .     SeeInvis .     - Unarmed
rCold    . . .     Faith    .   (no shield)
rNeg     + . .     Spirit   .   (armour unavailable)
rPois    .         Reflect  .   (helmet restricted)
rElec    .         Harm     .   (no cloak)
rCorr    .         Rampage  .   (no gloves)
Will     .....                  (no boots)
Stlth    +.........             (no amulet)
HPRegen  0.10/turn              c - ring of positive energy
MPRegen  0.08/turn              (no ring)

@: slowed, very slow
A: AC +5, unfitting armour, cold-blooded
a: no special abilities


You were in a sewer.
You visited 1 branch of the dungeon, and saw 3 of its levels.
You also visited: Sewer.

You collected 92 gold pieces.

Inventory:

Missiles
 b - 2 curare-tipped darts (quivered)
Jewellery
 c - a ring of positive energy (left hand)
Scrolls
 d - a scroll of magic mapping {unknown}
 i - a scroll of identify
Potions
 a - a potion of mutation {unknown}
 e - a potion of cancellation
 f - 2 potions of heal wounds {unknown}
 g - a potion of curing {unknown}
 h - 2 potions of lignification {unknown}


   Skills:
 - Level 3.2 Fighting
 - Level 2.6 Dodging
 - Level 1.7 Stealth
 + Level 4.7 Unarmed Combat


You had 2 spell levels left.
You didn't know any spells.
Your spell library was empty.

Dungeon Overview and Level Annotations

Branches:
Dungeon (3/15)              Sewer (1/1)

Altars:


Innate Abilities, Weirdness & Mutations

Your plain brown scales are hard. (AC +5)
You cannot fit into any form of body armour.
You are cold-blooded and may be slowed by cold attacks.


Message History

There are monsters nearby!
There are monsters nearby!
You enter the shallow water.
Moving in this stuff is going to be slow.
The kobold brigand shouts!
The kobold brigand throws a poisoned dart.
The poisoned dart hits you!
You are poisoned.
The kobold brigand throws a poisoned dart.
The poisoned dart misses you.
You feel sick.
You enter the shallow water.
Moving in this stuff is going to be slow.
You feel sick.
The kobold brigand throws a poisoned dart.
The poisoned dart barely misses you.
You feel sick. The kobold brigand barely misses you.
The kobold brigand misses you.
You closely miss the kobold brigand. Your punch misses the kobold brigand.
You feel sick.
The kobold brigand completely misses you.
Your unstable footing causes you to fumble your attack.
You feel sick.
The endoplasm hits you but does no damage.
The kobold brigand hits you with a +0 dagger.
You closely miss the kobold brigand.
Your tail-slap misses the kobold brigand.
You feel sick.
You are no longer poisoned.
The endoplasm freezes you.
You are frozen.
* * * LOW HITPOINT WARNING * * *
You feel yourself slow down.
The kobold brigand hits you with a +0 dagger!
* * * LOW HITPOINT WARNING * * *
You hit the endoplasm.
The endoplasm is heavily wounded.
The endoplasm barely misses you.
The kobold brigand hits you with a +0 dagger.
You die...

#####
#.#.#
#K#≈#
#@#J#
#J#≈#
#..≈#
≈≈
##≈##
≈# #.#
≈#
#≈###≈#
#≈.≈≈≈#
##.≈≈##
#.≈.#


You could see a kobold brigand and an endoplasm.

Vanquished Creatures
  A gnoll (D:1)
  A worm (D:2)
  A dart slug (D:2)
  4 ball pythons
  3 bats (D:2)
  4 giant cockroaches
  4 goblins
  2 hobgoblins
  4 jackals (D:2)
  5 quokkas
  A frilled lizard (D:2)
  2 kobolds
  2 rats (D:2)
34 creatures vanquished.

Notes
Turn   | Place    | Note
-------+----------+-------------------------------------------
     0 | D:1      | pkoi the Draconian Monk began the quest for the Orb.
     0 | D:1      | Reached XP level 1. HP: 19/19 MP: 1/1
   336 | D:1      | Found a faded altar of an unknown god.
   358 | D:1      | Reached XP level 2. HP: 26/26 MP: 2/2
  1062 | D:2      | Reached skill level 4 in Unarmed Combat
  1077 | D:2      | Noticed an ogre
  1125 | D:1      | You fall into a shaft and drop 1 floor!
  1482 | D:2      | Reached XP level 3. HP: 18/31 MP: 3/3
  2332 | D:3      | Found a glowing drain.
  2366 | Sewer    | Entered a sewer
  2444 | Sewer    | Noticed a kobold brigand
  2453 | Sewer    | Slain by a kobold brigand

Illustrated notes

Levels and vault maps discovered:
D:1:      minmay_arrival_cross, layout_loops_corners,
          shapermc_ecumenical_altar_starsandcircs,
          amcnicky_mini_corridor_feature, amethyst_killhole
D:2:      layout_loops_cross, minmay_tromino_v2
D:3:      layout_basic, mainiacjoe_overflow_concentric_impassable,
          nicolae_elyvilon_peaceful_grove, mainiacjoe_overflow_six_doors_small,
          jmf_multi_god_temple, gammafunk_ghost_nasty_kobolds,
          portal_sewer_entry_f
Sewer:    sewer_co_tree

Skill      XL: |  1  2 |
---------------+-------+-----
Unarmed Combat | 4 |  4.7
Fighting       | |  3.2
Dodging        | |  2.6
Stealth        | |  1.7

Action                   || total
-------------------------++-------
Melee: Unarmed           ||   128
       Tailslap          ||     8
       Punch             ||     2
  Use: Scroll            ||     3
 Stab: Sleeping          ||     3
Armor: Skin              ||    45
Dodge: Dodged            ||    86
